 Dungeon Crawl Stone Soup version 0.28.0-1-gb440e238dd (webtiles) character file.

Game seed: 7057739262013476974

485 issech the Cudgeller (level 6, -3/61 HPs)
             Began as a Troll Monk on Feb 23, 2022.
             Slain by Blork the orc (11 damage)
             ... on level 4 of the Dungeon.
             The game lasted 00:09:05 (2203 turns).

issech the Cudgeller (Troll Monk)                   Turns: 2203, Time: 00:09:06

Health: -3/61      AC:  4    Str: 20    XL:     6   Next: 88%
Magic:  1/5        EV: 15    Int:  6    God:
Gold:   121        SH:  0    Dex: 14    Spells: 5/5 levels left

rFire   . . .      SeeInvis .   m - +1 flail (drain)
rCold   . . .      Faith    .   (no shield)
rNeg    . . .      Spirit   .   b - +0 robe
rPois   +          Reflect  .   (helmet restricted)
rElec   .          Harm     .   (no cloak)
rCorr   .          Rampage  .   (gloves unavailable)
Will    .....                   (boots unavailable)
Stlth   ++........              (no amulet)
HPRegen 1.00/turn               p - +4 ring of evasion
MPRegen 0.09/turn               r - ring of poison resistance

@: no status effects
A: large, unfitting armour, claws 3, regeneration 1, shaggy fur 1, tough skin 1
a: no special abilities


You were on level 4 of the Dungeon.
You visited 1 branch of the dungeon, and saw 4 of its levels.

You collected 121 gold pieces.

Inventory:

Hand Weapons
 a - a +0 mace
 i - a +0 dire flail
 m - a +1 flail of draining (weapon)
 s - a +2 dagger of protection
Missiles
 c - 92 stones
 f - 6 boomerangs (quivered)
 h - 24 bolts
 k - 14 poisoned darts
 w - 14 sling bullets
Armour
 b - a +0 robe (worn)
Jewellery
 p - a +4 ring of evasion (left claw)
 r - a ring of poison resistance (right claw)
Scrolls
 d - a scroll of immolation {unknown}
 e - 3 scrolls of identify {unknown}
 g - a scroll of teleportation {unknown}
 j - a scroll of acquirement {unknown}
 t - 2 scrolls of holy word {unknown}
 v - a scroll of magic mapping {unknown}
Potions
 l - a potion of mutation {unknown}
 n - a potion of curing {unknown}
 o - 3 potions of heal wounds {unknown}
 q - a potion of attraction {unknown}
 u - a potion of cancellation {unknown}


   Skills:
 + Level 3.3 Fighting
 + Level 5.2 Maces & Flails
 + Level 0.4 Throwing
 + Level 3.6 Dodging
 + Level 2.0 Stealth


You had 5 spell levels left.
You didn't know any spells.
Your spell library contained the following spells:

 Spells                   Type           Power      Damage    Failure   Level
 Ozocubu's Armour         Ice            0%         N/A       83%         3
 Tukima's Dance           Hex            0%         N/A       83%         3
 Passage of Golubria      Tloc           0%         N/A       99%         4
 Summon Forest            Summ/Tloc      0%         N/A       100%        5
 Yara's Violent Unravell  Hex/Tmut       0%         3d3       100%        5
 Eringya's Noxious Bog    Tmut/Pois      0%         N/A       100%        6
 Ozocubu's Refrigeration  Ice            0%         4d5       100%        7
 Summon Hydra             Summ           0%         N/A       100%        7


Dungeon Overview and Level Annotations

Branches:
Dungeon (4/15)
 Temple: D:4-7

Altars:
Elyvilon
Ru
The Shining One

Annotations:
D:4 Blork the orc, Edmund, Eustachio


Innate Abilities, Weirdness & Mutations

You are too large for most types of armour.
You have claws for hands.
Your natural rate of healing is unusually fast.
You are covered in fur. (AC +1)
You have tough skin. (AC +1)


Message History

The boomerang closely misses Blork the orc.
Throw: 6 boomerangs
Press: ? - help, Q - select action, (/) - cycle Shift-Dir - straight line, f/p - Blork the orc
Aim: Blork the orc, wielding a +3 antimagic halberd and wearing a +0 robe (fast, 63% to hit)
You throw a boomerang. The boomerang hits Blork the orc.
Blork the orc is lightly wounded.
Blork the orc barely misses you.
Blork the orc hits you from afar with a +3 antimagic halberd!
You feel your power leaking away.
Blork the orc looks braver for a moment.
Edmund the Younger comes into view.
He is wielding a +1 flail of holy wrath.
Blork the orc misses you.
Edmund shouts!
You hear a shout!
Blork the orc hits you with a +3 antimagic halberd!
Blork the orc misses you.
Blork the orc hits you from afar with a +3 antimagic halberd.
Edmund clears his throat.
Blork the orc misses you.
Blork the orc points at you and mumbles some strange words.
The puff of flame misses you.
Blork the orc hits you from afar with a +3 antimagic halberd!
Blork the orc points at you and mumbles some strange words.
The magic dart hits you!
Blork the orc hits you from afar with a +3 antimagic halberd!
You feel your power leaking away.
Blork the orc hits you from afar with a +3 antimagic halberd.
* * * LOW HITPOINT WARNING * * *
Edmund gestures with his flail.
Blork the orc closely misses you.
Blork the orc hits you from afar with a +3 antimagic halberd!
* * * LOW HITPOINT WARNING * * *
Blork the orc closely misses you. Blork the orc barely misses you.
Blork the orc barely misses you.
Blork the orc points at you and mumbles some strange words.
The magic dart hits you!
* * * LOW HITPOINT WARNING * * *
Blork the orc screams, "I don't like you!"
Blork the orc hits you from afar with a +3 antimagic halberd!
You die...

.......†......#..................
.........##......................
..##.###......##.......)........#
..##.......##.##................#
......####....@.............#####
......# #..........).......#
......# #..##...o.........#.#
......# #.###....))).#........
..... ... #...@....###.##...._
### #........# #.........
########## ######._._ .... ##


You could see Edmund and Blork the orc (fast).

Vanquished Creatures
  A black bear (D:2)
  3 scorpions (D:4)
  A hound (D:4)
  An orc priest (D:4)
  An orc wizard (D:4)
  3 adders
  An ufetubus (D:4)
  An adder skeleton (D:4)
  A worm (D:4)
  3 dart slugs
  7 orcs
  6 bats
  7 endoplasms
  5 giant cockroaches
  6 hobgoblins
  4 jackals (D:1)
  6 quokkas
  8 ball pythons
  4 goblins
  10 kobolds
  4 rats
83 creatures vanquished.

Notes
Turn   | Place    | Note
-------+----------+-------------------------------------------
     0 | D:1      | issech the Troll Monk began the quest for the Orb.
     0 | D:1      | Reached XP level 1. HP: 22/22 MP: 0/0
    50 | D:1      | Reached skill level 3 in Maces & Flails
    51 | D:1      | Reached XP level 2. HP: 29/29 MP: 1/1
   430 | D:1      | Reached XP level 3. HP: 35/36 MP: 2/2
  1148 | D:2      | Found a faded altar of an unknown god.
  1315 | D:3      | Noticed a black bear
  1317 | D:3      | Reached XP level 4. HP: 44/44 MP: 3/3
  1341 | D:2      | Killed a black bear
  1342 | D:2      | Reached skill level 4 in Maces & Flails
  1342 | D:2      | Reached XP level 5. HP: 33/53 MP: 4/4
  1866 | D:4      | Noticed Blork the orc
  1902 | D:3      | Reached XP level 6. HP: 60/61 MP: 5/5
  1950 | D:4      | Found a glowing golden altar of the Shining One.
  1953 | D:4      | Found a sacrificial altar of Ru.
  1953 | D:4      | Found a white marble altar of Elyvilon.
  2020 | D:4      | Reached skill level 5 in Maces & Flails
  2095 | D:4      | Identified the +0 helmet "Kesask" {rF+ rC- Dex+4}
  2124 | D:4      | Noticed Eustachio
  2177 | D:4      | Noticed Edmund
  2203 | D:4      | Slain by Blork the orc

Illustrated notes

Levels and vault maps discovered:
D:1:      ebering_trefoil_3fold, layout_rooms, chequers_serial_rivers_room_b,
          hangedman_decor_riveting
D:2:      layout_basic, dreamdust_ecumenical_altar_angels_and_demons
D:3:      layout_rooms, serial_curves, eino_curves_04, eino_curves_02,
          nicolae_concentric_dashed_squares_mild, kennysheep_generic_room_14
D:4:      layout_rooms, nicolae_overflows_in_rows, solitary_fountain,
          uniq_eustachio, uniq_natasha, uniq_blork_the_orc, uniq_edmund

Skill      XL: |  1  2  3  4  5  6 |
---------------+-------------------+-----
Maces & Flails | 3 4 5 |  5.2
Fighting       | 3 |  3.3
Dodging        | 3 |  3.6
Stealth        | 2 |  2.0
Throwing       | |  0.4

Action                   |  1- 3 |  4- 6 || total
-------------------------+-------+-------++-------
Melee: Mace              |    80 |       ||    80
       Punch             |     1 |       ||     1
       Dire flail        |    53 |     5 ||    58
       Flail             |       |    85 ||    85
Throw: Stone             |       |     1 ||     1
       Boomerang         |       |    10 ||    10
 Stab: Sleeping          |     2 |     3 ||     5
Armor: Robe              |    81 |    25 ||   106
Dodge: Dodged            |   124 |    87 ||   211
